Map: Kairos Junction LE

Players

Mesrob - Winner!

  • Race: Terran Terran
  • League: Gold
  • Spawn Location: 11:00

DavTerran

  • Race: Terran Terran
  • League: Gold
  • Spawn Location: 5:00

VOD

Have the link to the VOD?

Description

Time

  • Played on: Jan. 18, 2019, 6:39 p.m.
  • Length: 24:05
Show
View Real Time Build Order
Export as new Build Order

Mesrob Terran - Winner!

Build Orders: Mech 

Get SALT Encoding   

  12  0:00  SCV  
  13  0:12  SCV  
  14  0:17  Supply Depot  
  14  0:25  SCV  
  15  0:38  SCV  
  15  0:40  Barracks  
  16  0:47  Refinery  
  16  0:50  SCV  
  17  1:02  SCV  
  18  1:14  SCV  
  19  1:27  Orbital Command  
  19  1:38  Command Center  
  19  1:39  Marine  
  20  1:52  Bunker  
  20  2:00  SCV  
  21  2:11  Factory  
  21  2:18  Barracks Tech Lab  
  21  2:22  Supply Depot  
  21  2:42  SCV  
  22  2:44  Supply Depot  
  22  2:50  Refinery  
  22  2:54  SCV  
  22  2:57  Engineering Bay  
  23  2:59  Marine  
  23  3:01  Siege Tank  
  23  3:05  Orbital Command  
  27  3:08  SCV  
  28  3:20  SCV  
  28  3:26  Supply Depot  
  29  3:32  SCV  
  29  3:33  SCV  
  29  3:34  Siege Tank  
  34  3:44  SCV  
  34  3:45  SCV  
  36  3:55  Missile Turret  
  36  3:56  SCV  
  36  3:57  SCV  
  38  4:06  Siege Tank  
  38  4:09  SCV x2  
  43  4:11  Missile Turret  
  43  4:16  Missile Turret  
  43  4:23  Refinery  
  43  4:24  SCV x2  
  45  4:31  Missile Turret  
  45  4:36  SCV  
  45  4:38  Siege Tank, Missile Turret  
  49  4:43  Command Center  
  49  4:45  Marine  
  49  4:47  SCV  
  49  4:48  SCV  
  52  4:53  Refinery  
  52  4:59  SCV, Armory  
  53  5:00  Missile Turret  
  53  5:06  Factory x2  
  53  5:47  Thor  
  56  5:59  Sensor Tower  
  56  6:03  Missile Turret  
  52  6:05  Missile Turret x2  
  52  6:07  Factory Tech Lab  
  52  6:08  Factory Tech Lab  
  48  6:16  Marine  
  47  6:30  Hellion  
  43  6:51  Thor  
  42  7:01  SCV x2  
  42  7:05  Thor  
  50  7:13  SCV x2  
  52  7:36  SCV x2  
  54  7:41  Thor  
  60  7:48  SCV  
  61  7:53  Sensor Tower  
  61  8:10  SCV  
  61  8:12  SCV  
  63  8:17  Planetary Fortress  
  63  8:23  SCV  
  63  8:24  SCV  
  65  8:35  SCV  
  65  8:36  SCV  
  65  8:41  Factory  
  67  8:47  SCV  
  68  8:48  SCV  
  69  9:00  Supply Depot  
  69  9:21  Thor  
  69  9:22  SCV x2  
  77  9:26  Factory, Factory Reactor  
  77  9:27  Supply Depot  
  77  9:48  Thor  
  77  9:49  Supply Depot, SCV x2  
  85  9:55  Refinery  
  85  9:56  Refinery  
  85  10:07  Command Center  
  85  10:09  Factory  
  85  10:10  Thor  
  85  10:11  SCV  
  92  10:15  SCV  
  93  10:24  Supply Depot  
  93  10:32  Supply Depot  
  93  10:44  Supply Depot  
  93  10:45  Thor  
  93  10:46  SCV  
  93  10:47  Supply Depot, SCV  
  101  10:53  Hellbat x2, Factory Reactor, SCV  
  101  10:55  Supply Depot  
  106  10:59  SCV  
  106  11:00  Terran Vehicle And Ship Armor Level 1  
  106  11:04  Armory  
  107  11:05  Thor  
  107  11:07  Supply Depot  
  107  11:08  Factory Reactor, Thor  
  107  11:10  Supply Depot  
  119  11:18  Supply Depot  
  119  11:19  Hellion, Factory  
  123  11:25  Hellbat  
  123  11:26  Hellbat  
  123  11:29  Hellbat  
  123  11:30  Supply Depot  
  123  11:31  Hellbat  
  123  11:32  Hellbat  
  129  11:37  Supply Depot  
  129  11:43  Supply Depot  
  133  11:47  Hellbat x2  
  133  11:48  Thor  
  133  11:50  Hellbat  
  133  11:52  Hellbat  
  143  11:54  Supply Depot  
  143  12:00  Supply Depot  
  142  12:02  Factory  
  142  12:17  Supply Depot x2  
  142  12:31  Planetary Fortress  
  142  12:34  Refinery  
  142  12:39  SCV x2  
  142  12:40  Supply Depot  
  142  12:41  Supply Depot  
  144  12:51  SCV  
  143  12:54  Terran Vehicle Weapons Level 1  
  143  12:57  Refinery, Command Center  
  143  13:05  Factory Tech Lab, Thor x3  
  161  13:06  Hellbat x2  
  161  13:07  Hellbat x4  
  173  13:17  Marine  
  174  13:21  SCV  
  174  13:24  SCV x2  
  177  13:34  SCV  
  170  13:44  Terran Vehicle And Ship Armor Level 2  
  170  13:46  Infernal Pre-Igniter  
  152  13:48  Smart Servos  
  152  13:50  Factory Tech Lab  
  152  13:54  Thor  
  152  13:55  Thor  
  114  14:44  Thor x2  
  114  14:45  Thor x2  
  117  14:46  Hellbat x3  
  117  14:47  Hellbat x3  
  123  15:19  SCV  
  118  15:27  Hellbat x4, Hellion  
  118  15:28  Hellbat  
  130  15:31  SCV  
  131  15:43  SCV  
  131  15:45  Thor x4  
  156  15:55  SCV  
  134  16:50  Thor x2  
  134  16:51  Hellion, Thor x3  
  134  16:52  Hellbat  
  134  16:53  Hellbat x5  
  60  19:02  Thor x2  
  60  19:04  Hellbat x2  
  60  19:05  Hellbat x2  
  80  19:20  Command Center  
  80  19:45  Thor x2  
  82  20:24  Missile Turret  
  82  20:26  Missile Turret x3  
  82  20:28  Missile Turret  
  82  20:30  Missile Turret  
  34  22:41  Supply Depot  
Show
View Real Time Build Order
Export as new Build Order

DavTerran Terran 

Build Orders:  

Get SALT Encoding   

  12  0:05  SCV  
  13  0:16  Supply Depot  
  13  0:24  SCV  
  14  0:40  Barracks  
  14  0:44  SCV  
  14  0:45  Refinery  
  15  0:58  SCV  
  16  1:10  SCV  
  17  1:20  Refinery  
  17  1:23  SCV  
  18  1:29  Marine  
  19  1:57  Factory  
  19  2:00  Marine  
  20  2:06  Command Center  
  20  2:10  Orbital Command  
  19  2:43  Starport  
  19  2:46  Marine  
  19  2:47  Factory Tech Lab  
  20  2:53  Engineering Bay  
  20  3:07  SCV  
  20  3:11  Bunker  
  21  3:12  Marine  
  21  3:19  SCV  
  23  3:24  Fusion Core  
  23  3:25  Starport Tech Lab  
  23  3:30  Marine  
  24  3:35  Weapon Refit  
  24  3:38  Orbital Command  
  24  4:00  Missile Turret  
  24  4:02  Missile Turret  
  24  4:19  Battlecruiser  
  30  4:43  Siege Tank  
  33  4:46  SCV x2  
  35  4:53  Supply Depot  
  35  4:58  SCV  
  36  5:05  SCV  
  36  5:06  Armory  
  37  5:11  SCV  
  37  5:12  Supply Depot  
  38  5:48  Command Center  
  38  6:14  Battlecruiser  
  44  6:46  Terran Vehicle And Ship Armor Level 1  
  44  7:06  Orbital Command  
  44  7:07  SCV x2  
  46  7:13  Siege Tank  
  49  7:17  Neosteel Armor  
  49  7:19  SCV x2  
  49  7:22  Engineering Bay  
  51  7:28  Refinery  
  51  7:29  Refinery  
  51  7:31  Missile Turret  
  51  7:44  Missile Turret  
  51  7:45  SCV x3  
  51  7:51  Hi-Sec Auto Tracking, Missile Turret  
  54  7:57  SCV x3  
  57  8:06  Missile Turret  
  57  8:12  Missile Turret  
  57  8:26  Battlecruiser  
  63  8:27  Missile Turret  
  63  8:31  Missile Turret  
  63  8:32  Armory  
  63  8:40  SCV x3  
  66  8:50  Supply Depot  
  66  8:52  Missile Turret, SCV x3  
  66  8:53  Command Center  
  66  8:54  Terran Ship Weapons Level 1, Missile Turret  
  69  9:05  Siege Tank  
  72  9:11  Supply Depot  
  72  9:12  Missile Turret  
  72  9:13  Supply Depot  
  72  9:14  Supply Depot  
  72  9:15  Missile Turret  
  72  9:21  Terran Vehicle And Ship Armor Level 2  
  72  9:28  SCV x3  
  72  9:29  Starport  
  75  9:34  Refinery, Missile Turret  
  75  9:36  Missile Turret  
  75  9:37  Refinery  
  75  9:52  Missile Turret  
  75  9:53  Missile Turret, Battlecruiser  
  75  9:56  Missile Turret  
  81  10:11  Starport Tech Lab  
  81  10:13  Siege Tank  
  84  10:15  Missile Turret  
  84  10:17  Planetary Fortress  
  84  10:28  SCV x3  
  87  10:40  SCV x3  
  90  10:50  Siege Tank  
  90  10:55  Battlecruiser  
  99  11:16  Terran Ship Weapons Level 2  
  99  11:25  Siege Tank  
  102  11:26  Battlecruiser  
  108  11:36  Refinery  
  108  11:38  Refinery  
  108  11:48  Command Center  
  108  11:50  Starport  
  108  12:10  Battlecruiser  
  108  12:11  Siege Tank  
  117  12:28  Starport Tech Lab  
  117  12:34  Battlecruiser  
  123  12:39  Starport  
  123  13:06  Battlecruiser  
  123  13:09  Siege Tank  
  132  13:14  Battlecruiser  
  132  13:16  Planetary Fortress  
  138  13:23  Missile Turret  
  123  13:45  Missile Turret  
  87  14:04  Missile Turret  
  69  14:24  Missile Turret  
  69  14:26  Battlecruiser x3  
  69  14:28  Siege Tank  
  81  14:47  Missile Turret  
  81  15:01  Refinery  
  81  15:03  Refinery  
  81  15:17  Bunker  
  81  15:18  Starport Tech Lab  
  81  15:28  Terran Vehicle And Ship Armor Level 3  
  81  15:29  Terran Ship Weapons Level 3  
  81  15:33  Battlecruiser  
  87  15:53  Refinery x2, Command Center  
  81  16:23  Battlecruiser x2  
  93  16:30  Siege Tank  
  65  17:37  Battlecruiser  
  46  19:03  Orbital Command  
  46  19:13  Planetary Fortress  
  46  19:17  SCV  
  47  19:29  SCV  
  35  20:26  Siege Tank  
  28  21:35  Siege Tank  
Tags
 
Composition
Mech
League
GoldGold
Matchup
TvT
Race
Terran
Replay Pack
sc2 replays
Spawn Locations
Cross Positions
Add a new tag
Caveats
  • Supply blocks, unpowered buildings, or Contaminate may cause inaccurate times.
  • Supply counts are checked every 10 seconds.